 Dungeon Crawl Stone Soup version 0.32-a0-738-g1a05c61809 (webtiles) character file.

Game seed: 8189179034200798056

117 Bamboolord the Sneak (level 4, -4/21 HPs)
             Began as a Spriggan Alchemist on Mar 17, 2024.
             Killed by divine providence
             ... invoked by an orc priest
              (14 damage)
             ... on level 3 of the Dungeon.
             The game lasted 00:07:41 (2189 turns).

Bamboolord the Sneak (Spriggan Alchemist)           Turns: 2189, Time: 00:07:42

Health: -4/21      AC:  3    Str:  4    XL:     4   Next: 71%
Magic:  9/9        EV: 17    Int: 18    God:
Gold:   93         SH:  0    Dex: 15    Spells: 6/9 levels left

rFire   . . .        m - +3 dagger
rCold   . . .        (no shield)
rNeg    . . .        a - +0 robe
rPois   .            (helmet restricted)
rElec   .            f - +0 cloak
rCorr   .            (gloves unavailable)
SInv    +            (boots unavailable)
Will    .....        i - amulet of magic regeneration
Stlth   +++          (no ring)
HPRegen 0.23/turn    (no ring)
MPRegen 0.51/turn

%: no passive effects
@: very quick
A: very small, no large weapons, unfitting armour, see invisible, speed 3
a: Convert to Beogh


You were on level 3 of the Dungeon.
You visited 1 branch of the dungeon, and saw 3 of its levels.

You collected 93 gold pieces.

Inventory:

Hand Weapons
 m - a +3 dagger (weapon)
Missiles
 k - 4 poisoned darts
Armour
 a - a +0 robe (worn)
 f - a +0 cloak (worn)
Jewellery
 i - an amulet of magic regeneration (around neck)
Scrolls
 c - a scroll of silence {unknown}
 d - 2 scrolls of identify {unknown}
 e - a scroll of enchant armour {unknown}
 g - 2 scrolls of teleportation {unknown}
 h - a scroll of noise {unknown}
 l - a scroll of blinking {unknown}
 o - a scroll of fog {unknown}
Potions
 b - a potion of magic
 j - a potion of enlightenment {unknown}
 n - a potion of curing {unknown}


   Skills:
 + Level 0.8 Fighting
 * Level 1.0 Short Blades
 * Level 3.6 Dodging
 * Level 4.0 Stealth
 + Level 3.0 Spellcasting
 + Level 1.2 Conjurations
 - Level 0.7 Fire Magic
 + Level 0.7 Air Magic
 + Level 3.8 Alchemy


You had 6 spell levels left.
You knew the following spells:

 Your Spells              Type           Power      Damage    Failure   Level
a - Sting                 Conj/Alch      44%        1d5       6%          1
b - Mercury Vapours       Alch/Air       22%        N/A       10%         2

Your spell library contained the following spells:

 Spells                   Type           Power      Damage    Failure   Level
 Mephitic Cloud           Conj/Alch/Air  9%         N/A       22%         3
 Olgreb's Toxic Radiance  Alch           16%        N/A       32%         4
 Sticky Flame             Fire/Alch      11%        2d5       54%         4


Dungeon Overview and Level Annotations

Branches:
Dungeon (3/15)

Altars:


Innate Abilities, Weirdness & Mutations

You are very small and have problems with some larger weapons.
You are too small for most types of armour.
You have supernaturally acute eyesight. (SInv)
You cover ground extremely quickly. (Speed+++)


Message History

An orc comes into view. It is wielding a +0 flail.
Aiming: Sting (safe; 6% risk of failure)
Press: ? - help, Q - select action, (/) - cycle Shift-Dir - straight line, f - orc, p - orc
Aim: an orc, wielding a +0 club (71% to hit)
The sting misses the orc. x2
Unknown command.
Aiming: Sting (safe; 6% risk of failure)
Press: ? - help, Q - select action, (/) - cycle Shift-Dir - straight line, f - orc, p - orc
Aim: an orc, wielding a +0 whip (heavily wounded, poisoned, 71% to hit)
The sting hits the orc.
The orc looks even sicker.
You kill the orc!
Unknown command.
Aiming: Sting (safe; 6% risk of failure)
Press: ? - help, Q - select action, (/) - cycle Shift-Dir - straight line, f - you
Okay, then.
Aiming: Sting (safe; 6% risk of failure)
Press: ? - help, Q - select action, (/) - cycle Shift-Dir - straight line, f - orc
Aim: an orc, wielding a +0 club (71% to hit)
The sting hits the orc.
The orc is poisoned.
The orc is severely wounded.
Unknown command.
You kill the orc!
Aiming: Sting (safe; 6% risk of failure)
Press: ? - help, Q - select action, (/) - cycle Shift-Dir - straight line, f - orc
Aim: an orc, wielding a +0 flail and wearing a +0 chain mail (79% to hit)
The sting hits the orc.
The orc is poisoned.
The orc is severely wounded.
Unknown command.
You feel a bit more experienced.
Your Short Blades skill increases to level 1!
The orc priest calls down the wrath of Beogh upon you.
Pain shoots through your body!
Ouch! That really hurt!
The orc priest shouts, "Surrender to Beogh and we'll let you live!" (press Y on the ability menu to convert to Beogh)
There is a stone staircase leading up here.
The orc priest invokes the aid of Beogh against you.
Beogh smites you!
Ouch! That really hurt!
You die...

...# #.)# ...# #..# ...#
#..# ...###..# .......o#
...###.o# ...##...#
##.##.(.###+############
#.##(...o......@.......
#.##...................
#...........)<.........
##..###.#.#..##########.
....###.#.......
#.......##......#
#..#######..###.#
............. .#
#######.###### #


You could see an orc priest.

Vanquished Creatures
  Terence (D:2)
  5 adders
  3 ribbon worms (D:2)
  3 orcs (D:3)
  4 endoplasms
  3 giant cockroaches
  4 goblins
  4 hobgoblins
  3 jackals (D:2)
  A kobold (D:2)
  A quokka (D:1)
  3 ball pythons
  A bat (D:2)
  3 frilled lizards
  A rat (D:2)
40 creatures vanquished.

Notes
Turn   | Place    | Note
-------+----------+-------------------------------------------
     0 | D:1      | Bamboolord the Spriggan Alchemist began the quest for the
                  | Orb.
     0 | D:1      | Reached XP level 1. HP: 9/9 MP: 5/5
   405 | D:1      | Reached XP level 2. HP: 13/13 MP: 3/6
   470 | D:1      | You fall into a shaft and drop 1 floor!
   566 | D:1      | Learned a level 2 spell: Mercury Vapours
  1229 | D:2      | Reached XP level 3. HP: 14/17 MP: 6/8
  1287 | D:2      | Reached skill level 1 in Conjurations
  1631 | D:2      | Noticed Terence
  1655 | D:2      | Killed Terence
  1656 | D:2      | Reached XP level 4. HP: 21/21 MP: 7/9
  2091 | D:3      | Reached skill level 4 in Stealth
  2180 | D:3      | Reached skill level 1 in Short Blades
  2189 | D:3      | Killed from afar by an orc priest

Illustrated notes

Levels and vault maps discovered:
D:1:      evilmike_arrival_rings, layout_basic, minmay_misc_feat_cross
D:2:      layout_loops_corners, minmay_misc_feat_secret_circle,
          minmay_surrounded, uniq_terence
D:3:      layout_basic, lemuel_coloured_pillars_altar, serial_shops, shop,
          minmay_misc_feat_hallway

Skill      XL: |  1  2  3  4 |
---------------+-------------+-----
Dodging        | 3 |  3.6
Conjurations   | 1 |  1.2
Spellcasting   | 3 |  3.0
Stealth        | 4 |  4.0
Short Blades   | 1 |  1.0
Fighting       | |  0.8
Fire Magic     | |  0.7
Air Magic      | |  0.7
Alchemy        | |  3.8

Action                     |  1- 3 |  4- 6 || total
---------------------------+-------+-------++-------
  Melee: Unarmed           |     2 |       ||     2
         Dagger            |     1 |     3 ||     4
   Cast: Sting             |    54 |    34 ||    88
         Mercury Vapours   |     1 |       ||     1
   Stab: Sleeping          |       |     1 ||     1
 Armour: Robe              |     4 |     1 ||     5
  Dodge: Dodged            |     7 |    11 ||    18

Table legend: (Time is in decaauts)
 A = Elapsed time spent in this place.
 B = Non-inter-level travel time spent in this place.
 C = Inter-level travel time spent in this place.
 D = Time resting spent in this place.
 E = Time spent auto-exploring this place.
 F = Levels seen in this place.
 G = Mean time per level.
                   A        B        C        D        E       F      G
               +--------+--------+--------+--------+--------+-----+--------+
         Total |   1438 |   1360 |     78 |     12 |    959 |   3 |  479.3 |
       Dungeon |   1438 |   1360 |     78 |     12 |    959 |   3 |  479.3 |
               +--------+--------+--------+--------+--------+-----+--------+

Top non-repeatable levels by time:
     D:1: 701 daAuts
     D:2: 652 daAuts
     D:3: 84 daAuts
